 Dungeon Crawl Stone Soup version 0.27-a0-998-g4cfe56dd59 (webtiles) character file.

Game seed: 16442079881886049249

69 spiderkeys the Skirmisher (level 4, 23/35 HPs)
             Began as a Demonspawn Abyssal Knight on Apr 17, 2021.
             Was a Believer of Lugonu.
             Quit the game on level 2 of the Dungeon.
             The game lasted 00:03:17 (1837 turns).

spiderkeys the Skirmisher (DsAK)                    Turns: 1837, Time: 00:03:18

Health: 23/35      AC:  6    Str: 19    XL:     4   Next: 2%
Magic:  6/6        EV: 11    Int: 13    God:    Lugonu [**....]
Gold:   18         SH:  0    Dex: 13    Spells: 3/3 levels left

rFire    . . .     SeeInvis .   a - +1 spear
rCold    . . .     Faith    .   (no shield)
rNeg     . . .     Spirit   .   b - +0 leather armour
rPois    .         Reflect  .   (no helmet)
rElec    .         Harm     .   (no cloak)
rCorr    .         Rampage  .   (no gloves)
Will     .....                  (no boots)
Stlth    +.........             (no amulet)
HPRegen  0.11/turn              S - +6 ring of strength
MPRegen  0.10/turn              (no ring)

@: no status effects
A: claws 1, icy blue scales 2
a: Renounce Religion, Depart the Abyss, Bend Space


You were on level 2 of the Dungeon.
You worshipped Lugonu.
Lugonu was pleased with you.
You visited 1 branch of the dungeon, and saw 2 of its levels.
You visited the Abyss 1 time.

You collected 18 gold pieces.


Innate Abilities, Weirdness & Mutations

You have sharp fingernails.
You are mostly covered in icy blue scales. (AC +3)


   Skills:
 + Level 3.4 Fighting
 * Level 2.8 Polearms
 + Level 2.3 Armour
 - Level 1.0 Dodging
 + Level 3.2 Invocations


You had 3 spell levels left.
You didn't know any spells.
Your spell library contained the following spells:

 Spells                   Type           Power      Damage    Failure   Level
 Beastly Appendage        Tmut           0%         N/A       36%         1
 Wereblood                Tmut           0%         N/A       50%         2
 Spider Form              Tmut/Pois      0%         N/A       73%         3
 Ice Form                 Ice/Tmut       0%         N/A       98%         4
 Hydra Form               Tmut           0%         N/A       100%        5

Inventory:

Hand Weapons
 a - a +1 spear (weapon)
Missiles
 e - 92 stones
 g - 26 arrows
Armour
 b - a +0 leather armour (worn)
Jewellery
 S - a +6 ring of strength (left claw)
   (You found it on level 1 of the Abyss)
Scrolls
 c - 2 scrolls of identify {@r1}
Potions
 d - 2 potions of cancellation
 f - 2 potions of haste {@q3}
 h - a potion of mutation {unknown}

Dungeon Overview and Level Annotations

Branches:
Dungeon (2/15)

Altars:

Shops:
D:1 :[= D:2

[ #.#####........ .
#.............. ...##
#.............. .....
#######............##
#####............
#.♣......####...#
#.(####### #...# #♣∩♣
###...# ###.@#
#.....# #...♣####
#.....# #.......#
#.....### #.......#
#........ #..†....#
#.....†.† #.......#
#.....†.. #.......#
#......†. #.......#
#........ #.w.....#
##.......


There were no monsters in sight!


Message History

You hit the jackal but do no damage.
The jackal pauses to sniff the ground.
The jackal bites you. 😕 HP[-2]
You take 2 damage, and now have 26/29 hp.
You hit the jackal.
You kill the jackal!
Lugonu accepts your kill. 😕 HP[+1]
You hit the ball python. The ball python barely misses you.
The ball python grabs you.
The ball python constricts you. 😕 HP[-1]
You take 1 damage, and now have 26/29 hp.
You hit the ball python. The ball python bites you.
The ball python constricts you.
The ball python bites you but does no damage.
The ball python constricts you. 😕 HP[-3]
You take 3 damage, and now have 23/29 hp.
You hit the ball python.
You kill the ball python!
Lugonu accepts your kill.
Unknown command.
You closely miss the jackal. The jackal closely misses you. x2
Unknown command.
You hit the jackal.
You kill the jackal!
Lugonu accepts your kill.
The jackal bites you but does no damage.
Unknown command.
You hit the jackal.
You kill the jackal!
Lugonu accepts your kill.
You reach to attack!
You hit the kobold but do no damage.
Unknown command.
You barely miss the kobold. The kobold misses you.
Unknown command.
You hit the kobold but do no damage. The kobold completely misses you.
Unknown command.
You hit the kobold. The kobold hits you but does no damage.
You hit the kobold. The kobold hits you but does no damage.
Unknown command.
You puncture the kobold!
You kill the kobold!
Lugonu accepts your kill. 😕 HP[+1]
You hit the dart slug but do no damage. The dart slug barely misses you.
You hit the dart slug.
Unknown command.
You hit the dart slug.
The dart slug bites you but does no damage.
A dart slug is nearby!
A dart slug is nearby!
You puncture the dart slug! The dart slug bites you. 😮 HP[-3]
You take 3 damage, and now have 21/29 hp.
You are too injured to fight recklessly!
You are too injured to fight recklessly!
You are too injured to fight recklessly!
You are too injured to fight recklessly!
You hit the dart slug.
You kill the dart slug!
Lugonu accepts your kill.
You have reached level 4!
You feel agile.
Your demonic ancestry asserts itself...
Your fingernails lengthen. 😮 HP[+4] MP[+1]
You now have 35 max hp (+6).
You regained 4 hp, and now have 25/35 hp.
Your mp is fully restored (6).
A goblin comes into view.
It is wielding a +0 short sword. 😮 HP[+1]
A goblin is nearby!
A goblin is nearby!
You are too injured to fight recklessly!
You are too injured to fight recklessly!
You are too injured to fight recklessly!
The goblin shouts!
Items here: ( ) ††††.
The goblin hits you with a +0 short sword.
There is an entrance to Nifusedu's Armour Boutique here. 😮 HP[-3]
You take 3 damage, and now have 23/35 hp.
You hit the goblin.
You kill the goblin!
Lugonu accepts your kill.
Things that are here:
a +0 short sword; a +0 robe; a goblin corpse Saving game... please wait. 🤖 Initializing magus.rc ... ✅ Successfully initialized magus.rc [v1.9.10] Welcome back, spiderkeys the Demonspawn Abyssal Knight.
Lugonu says: Spread carnage and corruption!
Press ? for a list of commands and other information.
Save game and exit? [Y]es or [N]o only, please.
Save game and exit?
Okay, then.
Are you sure you want to abandon this character and quit the game? (Confirm with "yes".)

Skill      XL: |  1  2  3 |
---------------+----------+-----
Dodging        | 1 |  1.0
Polearms       | 2 |  2.8
Armour         | 2 |  2.3
Invocations    | 3 |  3.2
Fighting       | |  3.4

Action                   |  1- 3 |  4- 6 || total
-------------------------+-------+-------++-------
Melee: Spear             |   168 |     1 ||   169
Invok: Depart the Abyss  |     1 |       ||     1
  Use: Scroll            |     4 |       ||     4
Armor: Leather armour    |    82 |       ||    82
Dodge: Dodged            |   116 |       ||   116

Levels and vault maps discovered:
D:1:      giann_wishing_wells, layout_rooms, serial_shops,
          nicolae_shop_statue_plus, nicolae_shop_stone, shop,
          ebering_ecumenical_altar_box, serial_forest,
          infiniplex_forest_lined_2, infiniplex_forest_split,
          infiniplex_forest_straight_3, infiniplex_forest_3_way
D:2:      layout_basic, serial_shops, nicolae_shop_trees, basic_altar,
          minmay_tromino_mix6

Notes
Turn   | Place    | Note
-------+----------+-------------------------------------------
     0 | Abyss:1  | spiderkeys the Demonspawn Abyssal Knight began the quest
                  | for the Orb.
     0 | Abyss:1  | Reached XP level 1. HP: 18/18 MP: 2/2
     0 | Abyss:1  | magus.rc [v1.9.10]
     4 | Abyss:1  | Found a corrupted altar of Lugonu.
    46 | Abyss:1  | Found a hide-covered altar of Uskayaw.
    87 | Abyss:1  | Noticed a starcursed mass
   116 | Abyss:1  | Noticed a tormentor
   117 | Abyss:1  | Noticed a raiju
   120 | D:1      | You pass through the gate.
   120 | D:1      | Escaped the Abyss
   240 | D:1      | Found Tucol's Armour Shop.
   246 | D:1      | Found Ymihuuts's Book Shoppe.
   251 | D:1      | Reached skill level 1 in Dodging
   256 | D:1      | Reached skill level 2 in Polearms
   391 | D:1      | Gained mutation: You are partially covered in icy blue
                  | scales. (AC +2) [demonic ancestry]
   391 | D:1      | Reached XP level 2. HP: 24/24 MP: 3/3
   397 | D:1      | Reached * piety under Lugonu
   398 | D:1      | Reached skill level 2 in Armour
   618 | D:1      | You pick up a book of Changes and begin reading...
   618 | D:1      | You add the spells Beastly Appendage, Wereblood, Spider
                  | Form, Ice Form and Hydra Form to your library.
   660 | D:1      | Found Hoykij's Jewellery Boutique.
   799 | D:1      | Found a faded altar of an unknown god.
   836 | D:1      | Gained mutation: You are mostly covered in icy blue scales.
                  | (AC +3) [demonic ancestry]
   836 | D:1      | Reached XP level 3. HP: 29/29 MP: 5/5
   887 | D:1      | Reached skill level 3 in Invocations
  1674 | D:2      | Reached ** piety under Lugonu
  1791 | D:2      | Found Nifusedu's Armour Boutique.
  1832 | D:2      | Gained mutation: You have sharp fingernails. [demonic
                  | ancestry]
  1832 | D:2      | Reached XP level 4. HP: 25/35 MP: 6/6
  1837 | D:2      | magus.rc [v1.9.10]
  1837 | D:2      | Quit the game

Vanquished Creatures
  3 dart slugs (D:2)
  3 endoplasms
  2 giant cockroaches (D:1)
  4 goblins
  4 hobgoblins (D:1)
  15 jackals
  2 quokkas
  3 ball pythons
  5 bats (D:1)
  2 frilled lizards (D:1)
  7 kobolds
  4 rats
54 creatures vanquished.

Table legend:
 A = Non-vault XP
 B = Vault XP
 C = Vault XP percentage of total XP
 D = Non-vault monster count
 E = Vault monster count
 F = Vault count percentage of total count
                 A         B        C        D         E       F
            +---------+---------+-------+---------+---------+-------
      Total |      92 |       7 |   7.1 |      51 |       3 |   5.6
            +---------+---------+-------+---------+---------+-------
        D:1 |      50 |       0 |   0.0 |      31 |       0 |   0.0
        D:2 |      42 |       7 |  14.3 |      20 |       3 |  13.0
            +---------+---------+-------+---------+---------+-------

Illustrated notes

Table legend:
 A = Kills in this place as a percentage of kills in entire the game.
 B = Kills by you in this place as a percentage of kills by you in the entire game.
 C = Kills by friends in this place as a percentage of kills by friends in the entire game.
 D = Other kills in this place as a percentage of other kills in the entire game.
 E = Experience gained in this place as a percentage of experience gained in the entire game.
 F = Experience gained in this place divided by the number of levels of this place that you have seen.
                   A       B       C       D       E      F
               +-------+-------+-------+-------+-------+----------------------
         Total | 100.0 | 100.0 |   N/A |   N/A | 100.0 |  33.0
       Dungeon | 100.0 | 100.0 |   N/A |   N/A | 100.0 |  49.5
               +-------+-------+-------+-------+-------+----------------------

Table legend: (Time is in decaauts)
 A = Elapsed time spent in this place.
 B = Non-inter-level travel time spent in this place.
 C = Inter-level travel time spent in this place.
 D = Time resting spent in this place.
 E = Time spent auto-exploring this place.
 F = Levels seen in this place.
 G = Mean time per level.
                   A        B        C        D        E       F      G
               +--------+--------+--------+--------+--------+-----+--------+
         Total |   1833 |   1818 |     15 |      0 |   1506 |   3 |  611.0 |
       Dungeon |   1713 |   1698 |     15 |      0 |   1428 |   2 |  856.5 |
         Abyss |    119 |    119 |      0 |      0 |     78 |   1 |  119.0 |
               +--------+--------+--------+--------+--------+-----+--------+

Top non-repeatable levels by time:
     D:1: 1016 daAuts
     D:2: 697 daAuts
 Abyss:1: 119 daAuts
